 Dungeon Crawl Stone Soup version 0.29.1-2-gbd0b4ee654 (webtiles) character file.

Game seed: 7788926829117541682

28 kyanize the Slasher (level 2, 27/27 HPs)
             Began as a Minotaur Berserker on Nov 14, 2022.
             Was a Follower of Trog.
             Got out of the dungeon alive.
             The game lasted 00:02:44 (1103 turns).

kyanize the Slasher (Minotaur Berserker)            Turns: 1103, Time: 00:02:45

Health: 27/27      AC: 10    Str: 20 (21) XL:     2   Next: 96%
Magic:  1/1        EV:  9    Int:  3 (4)  God:    Trog [*.....]
Gold:   73         SH:  0    Dex:  7 (9)  Spells: 1/1 levels left

rFire   x x .      SeeInvis .   a - +0 falchion
rCold   + + +      Faith    .   (no shield)
rNeg    . . .      Spirit   .   e - +0 ice dragon scales
rPois   .          Reflect  .   (helmet restricted)
rElec   .          Harm     .   (no cloak)
rCorr   .          Rampage  .   (no gloves)
Will    .....                   (no boots)
Stlth   ..........              (no amulet)
HPRegen 0.09/turn               c - ring of ice
MPRegen 0.07/turn               (no ring)

@: no status effects
A: horns 2, retaliatory headbutt
a: Renounce Religion, Berserk


You escaped.
You worshipped Trog.
Trog was aware of your devotion.
You visited 1 branch of the dungeon, and saw 1 of its levels.

You collected 73 gold pieces.

Inventory:

Hand Weapons
 a - a +0 falchion (weapon)
 g - a +2 dagger of holy wrath
Missiles
 d - 5 stones (quivered)
Armour
 b - a +0 animal skin
 e - +0 ice dragon scales (worn)
Jewellery
 c - a ring of ice (left hand)
Potions
 f - a potion of flight


   Skills:
 + Level 4.0 Fighting
 + Level 4.5 Long Blades
 + Level 2.6 Armour
 + Level 2.3 Dodging
 + Level 0.2 Stealth


You had one spell level left.
You didn't know any spells.
Your spell library contained the following spells:

 Spells                   Type           Power      Damage    Failure   Level
 Blink                    Tloc           0%         N/A       97%         2
 Manifold Assault         Tloc           0%         N/A       100%        5
 Storm Form               Tmut/Air       0%         N/A       100%        7


Dungeon Overview and Level Annotations

Branches:
Dungeon (1/15)

Altars:


Innate Abilities, Weirdness & Mutations

You have a pair of horns on your head.
You reflexively headbutt those who attack you in melee.


Message History

A hobgoblin comes into view.
The hobgoblin shouts!
A rat comes into view.
There is an open door here.
A ball python comes into view.
The ball python hisses angrily.
You closely miss the hobgoblin. Your headbutt misses the hobgoblin.
The hobgoblin barely misses you.
You completely miss the hobgoblin. The hobgoblin hits you.
The rat bites you but does no damage.
You hit the hobgoblin. You headbutt the hobgoblin.
You kill the hobgoblin!
Trog accepts your kill. The rat barely misses you. You furiously retaliate!
You headbutt the rat!
You kill the rat!
Trog accepts your kill.
You closely miss the ball python.
The ball python bites you but does no damage.
The ball python grabs you. The ball python constricts you.
You hit the ball python but do no damage.
The ball python closely misses you. The ball python constricts you.
The ball python bites you but does no damage.
The ball python constricts you.
You hit the ball python.
You kill the ball python!
Trog accepts your kill.
Things that are here:
a ball python corpse; a hobgoblin corpse You open the door.
There is an open door here.
You open the door.
There is an open door here.
You now have 73 gold pieces (gained 5).
There is an open door here.
There is an open door here.
Done exploring.
There is a staircase leading out of the dungeon here.
You can't go down here!
Are you sure you want to leave the Dungeon?
This will make you lose the game!
You have escaped!

..##..#.##.#...#.# #..#
......##.##..###.# #..#
#...#..#.#.###..## #..#
#..#...##.###.#.## #..#
.##..#..#.#...##.# #..#
.##..#..##.####..# #..#
.#.....#.#..#..#.# #..#
..#...#..##..##..# #..#
#....#.##...#..#@###..#
###################...####
###......#
##...####.######## #
#..####........... #####
####.## #.#.#######. ....#
##....# #.#.......#. ....#
##..##### #.#######.#.
....## #.......# #.# #.#.


There were no monsters in sight!

Vanquished Creatures
  A dart slug (D:1)
  2 ball pythons (D:1)
  2 endoplasms (D:1)
  A giant cockroach (D:1)
  2 goblins (D:1)
  A hobgoblin (D:1)
  4 jackals (D:1)
  A kobold (D:1)
  3 quokkas (D:1)
  2 bats (D:1)
  3 rats (D:1)
22 creatures vanquished.

Notes
Turn   | Place    | Note
-------+----------+-------------------------------------------
     0 | D:1      | kyanize the Minotaur Berserker began the quest for the Orb.
     0 | D:1      | Reached XP level 1. HP: 19/19 MP: 0/0
   293 | D:1      | Reached XP level 2. HP: 27/27 MP: 1/1
  1103 | D:$      | Got out of the dungeon alive.

Illustrated notes

Levels and vault maps discovered:
D:1:      erik_arrival_cave_to_civilisation [erik_arrival_cave_to_hall],
          layout_basic

Skill      XL: |  1  2 |
---------------+-------+-----
Long Blades    | 4 |  4.5
Fighting       | 4 |  4.0
Armour         | |  2.6
Dodging        | |  2.3
Stealth        | |  0.2

Action                   || total
-------------------------++-------
Melee: Falchion          ||    57
       Headbutt          ||     9
Invok: Berserk           ||     1
  Use: Potion            ||     4
       Scroll            ||     2
Armor: Ice dragon scales ||    26
       Animal skin       ||     1
Dodge: Dodged            ||    24
